 Dungeon Crawl Stone Soup version 0.23.1-37-gaa34b87b72 (webtiles) character file.

Game seed: 9797659919334161527

132 Morbidden the Skirmisher (level 4, -5/37 HPs)
             Began as a Demonspawn Fighter on Mar 22, 2019.
             Shot with an arrow by a centaur (12 damage)
             ... on level 3 of the Dungeon.
             The game lasted 00:02:27 (1248 turns).

Morbidden the Skirmisher (Demonspawn Fighter)       Turns: 1248, Time: 00:02:28

Health: -5/37      AC: 15    Str: 17    XL:     4   Next: 92%
Magic:  4/4        EV:  4    Int:  9    God:
Gold:   88         SH:  9    Dex: 13    Spells: 3/3 levels left

rFire    . . .     SeeInvis .   a - +0 war axe
rCold    . . .     Gourm    .   c - +0 shield
rNeg     . . .     Faith    .   m - +0 chain mail
rPois    .         Spirit   .   (helmet restricted)
rElec    .         Reflect  .   (no cloak)
rCorr    .         Harm     .   (no gloves)
MR       .....                  (no boots)
Stlth    ..........             (no amulet)
HPRegen  0.12/turn              (no ring)
MPRegen  0.09/turn              (no ring)

@: sanguine armour
A: horns 1, demonic guardian 1, sanguine armour 1
a: no special abilities


You were on level 3 of the Dungeon.
You were not hungry.

You visited 1 branch of the dungeon, and saw 3 of its levels.

You collected 88 gold pieces.

Inventory:

Hand Weapons
 a - a +0 war axe (weapon)
Missiles
 i - a throwing net (quivered)
Armour
 c - a +0 shield (worn)
 m - a +0 chain mail (worn)
Wands
 g - a wand of polymorph (6)
Scrolls
 b - a scroll of magic mapping {unknown}
 e - 3 scrolls of identify {unknown}
 h - a scroll of enchant armour {unknown}
 j - a scroll of random uselessness {unknown}
 k - a scroll of remove curse {unknown}
 l - a scroll of amnesia {unknown}
 o - 2 scrolls of teleportation {unknown}
 p - a scroll of fog {unknown}
Potions
 d - a potion of might
Comestibles
 f - 3 rations
 n - 6 chunks of flesh


   Skills:
 * Level 3.8 Fighting
 * Level 3.2 Axes
 + Level 3.0 Armour
 + Level 0.3 Dodging
 + Level 0.5 Stealth
 + Level 3.2 Shields


You had 3 spell levels left.
You didn't know any spells.
Your spell library was empty.

Dungeon Overview and Level Annotations

Branches:
Dungeon (3/15)

Altars:
Qazlal

Annotations:
D:3 Sigmund


Innate Abilities, Weirdness & Mutations

You have a pair of small horns on your head.
A weak demonic guardian rushes to your aid.
When seriously injured, your bleeding wounds create armour. (AC +6)


Message History

The centaur shoots an arrow.
The arrow hits you.
* * * LOW HITPOINT WARNING * * *
You see here an arrow.
Unknown command.
You bump into the rock wall.
Your white imp barely misses Sigmund.
The centaur shoots an arrow.
The arrow hits you but does no damage. Sigmund gestures at you while chanting.
Your white imp appears confused.
Unknown command.
Unknown command.
You feel less confused.
Your white imp hits Sigmund but does no damage.
Sigmund gestures at you while chanting.
Your white imp resists with significant effort.
Unknown command.
Unknown command.
Unknown command.
The centaur shoots an arrow.
The arrow hits you but does no damage.
Your white imp misses Sigmund.
The centaur shoots an arrow.
The arrow hits you!
You die...

## ########...._. ..
.........#.... # .#
##########☼... #.###.#
###.# .###..... #####.#
......#.###
######......
........@.##
###......#####
.#####..#5.###...######
#..##@##....##########
#........#............
##...#†.........##....
##.#.#)............###
##...<.)..c.####.####
#......)##...###.#
##..###.##.......###
#.# #.#####......### #.
#..# ###..#...#


You could see Sigmund, a centaur and a friendly white imp (confused).

Vanquished Creatures
  Jessica (D:2)
  3 gnolls (D:3)
  2 adders (D:2)
  3 worms
  2 dart slugs (D:1)
  3 orcs (D:3)
  5 giant cockroaches
  4 goblins
  4 hobgoblins
  4 jackals
  6 bats
  2 frilled lizards (D:1)
  A kobold (D:1)
  10 rats
50 creatures vanquished.

Vanquished Creatures (collateral kills)
  A bat (D:3)
1 creature vanquished.

Grand Total: 51 creatures vanquished

Notes
Turn   | Place    | Note
-------+----------+-------------------------------------------
     0 | D:1      | Morbidden the Demonspawn Fighter began the quest for the
                  | Orb.
     0 | D:1      | Reached XP level 1. HP: 18/18 MP: 1/1
   339 | D:1      | Gained mutation: You have a pair of small horns on your
                  | head. [demonic ancestry]
   339 | D:1      | Reached XP level 2. HP: 24/24 MP: 2/2
   770 | D:2      | Gained mutation: When seriously injured, your bleeding
                  | wounds create armour. (AC +6) [demonic ancestry]
   770 | D:2      | Reached XP level 3. HP: 29/29 MP: 3/3
  1048 | D:2      | Noticed Jessica
  1055 | D:2      | Killed Jessica
  1055 | D:2      | Gained mutation: A weak demonic guardian rushes to your
                  | aid. [demonic ancestry]
  1055 | D:2      | Reached XP level 4. HP: 17/36 MP: 4/4
  1204 | D:3      | Found a stormy altar of Qazlal.
  1236 | D:3      | Noticed Sigmund
  1243 | D:3      | Noticed a centaur
  1248 | D:3      | Shot with an arrow by a centaur

Skill      XL: |  1  2  3  4 |
---------------+-------------+-----
Axes           | 2 3 |  3.2
Shields        | 3 |  3.2
Armour         | 3 |  3.0
Fighting       | |  3.8
Dodging        | |  0.3
Stealth        | |  0.5

Action                   |  1- 3 |  4- 6 || total
-------------------------+-------+-------++-------
Melee: War axe           |    93 |    37 ||   130
       Headbutt          |     9 |     6 ||    15
  Use: Potion            |     3 |       ||     3
  Eat: Chunk             |       |     1 ||     1
Armor: Scale mail        |    46 |       ||    46
       Chain mail        |    11 |    59 ||    70
Dodge: Dodged            |    20 |    11 ||    31
Block: Shield            |    59 |    36 ||    95
